| TOP OF THE 1ST |
|
Mobile Bears batting - Pitching for Montgomery Rebels : RHP Bobby Trinidad
|
|
Pitching: RHP Bobby Trinidad
|
|
|
Batting: LHB Jeffrey Szczecinski
|
0-0: Called Strike 0-1: Ball 1-1: Foul Ball, location: 2F 1-2: Foul Ball, location: 2F 1-2: Foul Ball, location: 2F 1-2: Ground out 3-1 (Groundball, 34S, EV 86.9 MPH)
|
|
Batting: RHB Bob Hendershot
|
0-0: Ball 1-0: Ball 2-0: Called Strike 2-1: Ball 3-1: Ground out 6-3 (Groundball, 6, EV 85.6 MPH)
|
|
Batting: LHB Franklin Stubbs
|
0-0: Called Strike 0-1: Foul Ball, location: 2F 0-2: Ball 1-2: Ball 2-2: Ground out 1-3 (Groundball, 13S, EV 76.9 MPH)
|
| Top of the 1st over - 0 runs, 0 hits, 0 errors, 0 left on base; Mobile 0 - Montgomery 0 |
| BOTTOM OF THE 1ST |
|
Montgomery Rebels batting - Pitching for Mobile Bears : RHP Jose Villamil
|
|
Pitching: RHP Jose Villamil
|
|
|
Batting: SHB Arthur Fischetti
|
0-0: Ball 1-0: Ball 2-0: Ball 3-0: Called Strike 3-1: Foul Ball, location: 2F 3-2: Ground out 4-3 (Groundball, 4, EV 83.1 MPH)
|
|
Batting: LHB Dwayne Murphy
|
0-0: Ball 1-0: Called Strike 1-1: Foul Ball, location: 2F 1-2: Strikes out swinging
|
|
Batting: LHB Ray Crowley
|
0-0: Swinging Strike 0-1: Foul Ball, location: 2F 0-2: Ball 1-2: Fly out, F9 (Flyball, 9, EV 88.1 MPH)
|
| Bottom of the 1st over - 0 runs, 0 hits, 0 errors, 0 left on base; Mobile 0 - Montgomery 0 |
| TOP OF THE 2ND |
|
Mobile Bears batting - Pitching for Montgomery Rebels : RHP Bobby Trinidad
|
|
Batting: SHB Dave Cochrane
|
0-0: Ball 1-0: Ground out U3 (Groundball, 3L, EV 86.9 MPH)
|
|
Batting: SHB Paul Hundhammer
|
0-0: Ball 1-0: Foul Ball, location: 2F 1-1: Ball 2-1: Ball 3-1: Base on Balls
|
|
Batting: LHB Douglas Latrenta
|
0-0: Foul Ball, location: 2F 0-1: Ball 1-1: Foul Ball, location: 2F 1-2: DOUBLE (Line Drive, 7LM, EV 108.1 MPH) Paul Hundhammer to third Runner from 3rd tries for Home, SAFE, throw by LF to trailing runner, SAFE at third!
|
|
Batting: RHB Alfred Welch
|
0-0: Ball 1-0: Fly out, F8 (Flyball, 8RD, EV 88.8 MPH) Runner from 3rd tags up, SCORES, throw by CF
|
|
Batting: RHB Rick Stromer
|
0-0: Ball 1-0: Ball 2-0: Ball 3-0: Called Strike 3-1: Base on Balls
|
|
Batting: RHB Jim Opie
|
0-0: Swinging Strike 0-1: Called Strike 0-2: Ball 1-2: Ball 2-2: Strikes out looking
|
| Top of the 2nd over - 2 runs, 1 hit, 0 errors, 1 left on base; Mobile 2 - Montgomery 0 |
| BOTTOM OF THE 2ND |
|
Montgomery Rebels batting - Pitching for Mobile Bears : RHP Jose Villamil
|
|
Batting: RHB Milt Jefferson
|
0-0: Ball 1-0: Ball 2-0: Called Strike 2-1: Foul Ball, location: 2F 2-2: Strikes out swinging
|
|
Batting: RHB Nate Tria
|
0-0: Fly out, F9 (Flyball, 9D, EV 88.8 MPH)
|
|
Batting: RHB Roberto Palacios
|
0-0: Ball 1-0: Fly out, F8 (Flyball, 8RD, EV 97.5 MPH)
|
| Bottom of the 2nd over - 0 runs, 0 hits, 0 errors, 0 left on base; Mobile 2 - Montgomery 0 |
| TOP OF THE 3RD |
|
Mobile Bears batting - Pitching for Montgomery Rebels : RHP Bobby Trinidad
|
|
Batting: LHB Jeffrey Szczecinski
|
0-0: Ball 1-0: Ball 2-0: Ball 3-0: Base on Balls
|
|
Batting: RHB Bob Hendershot
|
0-0: Swinging Strike 0-1: Ball 1-1: Ball 2-1: Swinging Strike Balk! Jeffrey Szczecinski to second 2-2: Strikes out swinging
|
|
Batting: LHB Franklin Stubbs
|
0-0: 2-RUN HOME RUN (Flyball, 9D, EV 91.3 MPH), Distance : 374 ft
|
|
Batting: SHB Dave Cochrane
|
0-0: Swinging Strike 0-1: Ball 1-1: Ball 2-1: Ground out 4-3 (Groundball, 4, EV 77.5 MPH)
|
|
Batting: SHB Paul Hundhammer
|
0-0: Called Strike 0-1: Ball 1-1: Called Strike 1-2: Foul Ball, location: 2F 1-2: Foul Ball, location: 2F 1-2: TRIPLE (Flyball, 78XD, EV 100.0 MPH)
|
|
Batting: LHB Douglas Latrenta
|
0-0: Called Strike 0-1: Fly out, F8 (Flyball, 8RM, EV 90.6 MPH)
|
| Top of the 3rd over - 2 runs, 2 hits, 0 errors, 1 left on base; Mobile 4 - Montgomery 0 |
| BOTTOM OF THE 3RD |
|
Montgomery Rebels batting - Pitching for Mobile Bears : RHP Jose Villamil
|
|
Batting: RHB Jeff Schumaker
|
0-0: Ball 1-0: Called Strike 1-1: Called Strike 1-2: Ball 2-2: Foul Ball, location: 2F 2-2: Ball 3-2: Base on Balls
|
|
Batting: SHB Mike Thorpe
|
0-0: Called Strike 0-1: Ball 1-1: Ball 2-1: Grounds into double play, 6-4-3 (Groundball, 6, EV 83.8 MPH)
|
|
Batting: RHB Mike Colbern
|
0-0: Ball 1-0: Fly out, F8 (Line Drive, 8RM, EV 102.5 MPH)
|
| Bottom of the 3rd over - 0 runs, 0 hits, 0 errors, 0 left on base; Mobile 4 - Montgomery 0 |
| TOP OF THE 4TH |
|
Mobile Bears batting - Pitching for Montgomery Rebels : RHP Bobby Trinidad
|
|
Batting: RHB Alfred Welch
|
0-0: Ball 1-0: Called Strike 1-1: SINGLE (Groundball, 4S, EV 63.8 MPH) (infield hit)
|
|
Batting: RHB Rick Stromer
|
0-0: Ball Alfred Welch steals 2nd base 1-0: Foul Ball, location: 2F 1-1: Foul Ball, location: 2F 1-2: Foul Ball, location: 2F 1-2: Ball 2-2: Fly out, F4 (Popup, 3S, EV 73.1 MPH)
|
|
Batting: RHB Jim Opie
|
0-0: Ball 1-0: Foul Ball, location: 2F 1-1: Ball 2-1: Foul Ball, location: 2F 2-2: Ball 3-2: Strikes out looking
|
|
Batting: LHB Jeffrey Szczecinski
|
0-0: Foul Ball, location: 2F 0-1: Fly out, F9 (Flyball, 9, EV 91.3 MPH)
|
| Top of the 4th over - 0 runs, 1 hit, 0 errors, 1 left on base; Mobile 4 - Montgomery 0 |
| BOTTOM OF THE 4TH |
|
Montgomery Rebels batting - Pitching for Mobile Bears : RHP Jose Villamil
|
|
Batting: SHB Arthur Fischetti
|
0-0: Ball 1-0: Foul Ball, location: 2F 1-1: Foul Ball, location: 2F 1-2: Fly out, F9 (Line Drive, 9D, EV 91.3 MPH)
|
|
Batting: LHB Dwayne Murphy
|
0-0: Swinging Strike 0-1: Called Strike 0-2: Ball 1-2: Strikes out swinging
|
|
Batting: LHB Ray Crowley
|
0-0: Called Strike 0-1: Ball 1-1: Reached on error, E4 (Groundball, 4, EV 103.1 MPH)
|
|
Batting: RHB Milt Jefferson
|
0-0: Ball 1-0: Fielders Choice at 2nd, 5-4 (Groundball, 56, EV 83.1 MPH)
|
| Bottom of the 4th over - 0 runs, 0 hits, 1 error, 1 left on base; Mobile 4 - Montgomery 0 |
| TOP OF THE 5TH |
|
Mobile Bears batting - Pitching for Montgomery Rebels : RHP Bobby Trinidad
|
|
Batting: RHB Bob Hendershot
|
0-0: Foul Ball, location: 2F 0-1: Ground out 6-3 (Groundball, 6, EV 102.5 MPH)
|
|
Batting: LHB Franklin Stubbs
|
0-0: SINGLE (Groundball, 34D, EV 100.0 MPH) (infield hit)
|
|
Batting: SHB Dave Cochrane
|
0-0: Ball 1-0: Ball 2-0: Foul Ball, location: 2F 2-1: Grounds into double play, 4-6-3 (Groundball, 4, EV 89.4 MPH)
|
| Top of the 5th over - 0 runs, 1 hit, 0 errors, 0 left on base; Mobile 4 - Montgomery 0 |
| BOTTOM OF THE 5TH |
|
Montgomery Rebels batting - Pitching for Mobile Bears : RHP Jose Villamil
|
|
Batting: RHB Nate Tria
|
0-0: Ball 1-0: Ball 2-0: Called Strike 2-1: Called Strike 2-2: Fly out, F8 (Flyball, 8RS, EV 78.8 MPH)
|
|
Batting: RHB Roberto Palacios
|
0-0: Called Strike 0-1: Called Strike 0-2: Ball 1-2: Foul Ball, location: 2F 1-2: Ball 2-2: Ground out 5-3 (Groundball, 56, EV 94.4 MPH)
|
|
Batting: RHB Jeff Schumaker
|
0-0: Called Strike 0-1: SINGLE (Line Drive, 8LM, EV 92.5 MPH)
|
|
Batting: SHB Mike Thorpe
|
0-0: Swinging Strike 0-1: Foul Ball, location: 2F 0-2: Ball 1-2: Ground out 4-3 (Groundball, 4, EV 106.3 MPH)
|
| Bottom of the 5th over - 0 runs, 1 hit, 0 errors, 1 left on base; Mobile 4 - Montgomery 0 |
| TOP OF THE 6TH |
|
Mobile Bears batting - Pitching for Montgomery Rebels : RHP Bobby Trinidad
|
|
Batting: SHB Paul Hundhammer
|
0-0: Fly out, F9 (Line Drive, 9, EV 93.8 MPH)
|
|
Batting: LHB Douglas Latrenta
|
0-0: Ball 1-0: SINGLE (Groundball, 34D, EV 108.8 MPH)
|
|
Batting: RHB Alfred Welch
|
0-0: Ball 1-0: Ball 2-0: Foul Ball, location: 2F 2-1: Ball Douglas Latrenta steals 2nd base (no throw) 3-1: Fly out, F7 (Flyball, 7LM, EV 103.1 MPH)
|
|
Batting: RHB Rick Stromer
|
0-0: Ball 1-0: Ball 2-0: Called Strike 2-1: Called Strike 2-2: Ball 3-2: Base on Balls
|
|
Batting: RHB Jim Opie
|
0-0: Called Strike 0-1: Swinging Strike 0-2: Foul Ball, location: 2F 0-2: Ball 1-2: Foul Ball, location: 2F 1-2: Ball 2-2: Ball 3-2: 3-RUN HOME RUN (Line Drive, 78XD, EV 103.8 MPH), Distance : 423 ft
|
|
Pitching: LHP Tony Fossas
|
|
|
Batting: LHB Jeffrey Szczecinski
|
0-0: Ground out 6-3 (Groundball, 6S, EV 84.4 MPH)
|
| Top of the 6th over - 3 runs, 2 hits, 0 errors, 0 left on base; Mobile 7 - Montgomery 0 |
| BOTTOM OF THE 6TH |
|
Montgomery Rebels batting - Pitching for Mobile Bears : RHP Jose Villamil
|
|
Batting: RHB Mike Colbern
|
0-0: Ground out U3 (Groundball, 34S, EV 71.3 MPH)
|
|
Batting: SHB Arthur Fischetti
|
0-0: Ball 1-0: Ground out U3 (Groundball, 3, EV 82.5 MPH)
|
|
Batting: LHB Dwayne Murphy
|
0-0: SINGLE (Groundball, 4MD, EV 104.4 MPH)
|
|
Batting: LHB Ray Crowley
|
0-0: Called Strike 0-1: Called Strike 0-2: Ball 1-2: Ball 2-2: Reached on error, E1 (Groundball, P, EV 67.5 MPH) Dwayne Murphy to second
|
|
Batting: RHB Milt Jefferson
|
0-0: Foul Ball, location: 2F 0-1: Fly out, F7 (Flyball, 7, EV 90.0 MPH)
|
| Bottom of the 6th over - 0 runs, 1 hit, 1 error, 2 left on base; Mobile 7 - Montgomery 0 |
| TOP OF THE 7TH |
|
Mobile Bears batting - Pitching for Montgomery Rebels : LHP Tony Fossas
|
|
Batting: RHB Bob Hendershot
|
0-0: Called Strike 0-1: Swinging Strike 0-2: Ball 1-2: Foul Ball, location: 2F 1-2: Fly out, F7 (Flyball, 7, EV 81.9 MPH)
|
|
Batting: LHB Franklin Stubbs
|
0-0: Ground out 4-3 (Groundball, 4D, EV 105.6 MPH)
|
|
Batting: SHB Dave Cochrane
|
0-0: Called Strike 0-1: Ball 1-1: SOLO HOME RUN (Flyball, 7D, EV 109.4 MPH), Distance : 366 ft
|
|
Batting: SHB Paul Hundhammer
|
0-0: Called Strike 0-1: Swinging Strike 0-2: Ball 1-2: Ball 2-2: Strikes out swinging
|
| Top of the 7th over - 1 run, 1 hit, 0 errors, 0 left on base; Mobile 8 - Montgomery 0 |
| BOTTOM OF THE 7TH |
|
Montgomery Rebels batting - Pitching for Mobile Bears : RHP Jose Villamil
|
|
Batting: RHB Nate Tria
|
0-0: Ball 1-0: Called Strike 1-1: Foul Ball, location: 2F 1-2: Ball 2-2: Foul Ball, location: 2F 2-2: SINGLE (Groundball, 4MD, EV 104.4 MPH)
|
|
Batting: RHB Roberto Palacios
|
0-0: Fielders Choice at 2nd, 4-6 (Groundball, 4M, EV 88.8 MPH)
|
|
Batting: RHB Jeff Schumaker
|
0-0: Ball 1-0: Ball 2-0: Called Strike 2-1: SINGLE (Line Drive, 9S, EV 88.8 MPH) Roberto Palacios to second
|
|
Batting: SHB Mike Thorpe
|
0-0: SINGLE (Groundball, 56, EV 98.8 MPH) Roberto Palacios to third Jeff Schumaker to second Runner from 3rd tries for Home, SAFE, throw by LF to home
|
|
Batting: RHB Mike Colbern
|
0-0: Ball 1-0: Ball 2-0: Called Strike 2-1: Ball 3-1: Called Strike 3-2: Grounds into double play, 5-4-3 (Groundball, 56, EV 86.3 MPH)
|
| Bottom of the 7th over - 1 run, 3 hits, 0 errors, 1 left on base; Mobile 8 - Montgomery 1 |
| TOP OF THE 8TH |
|
Mobile Bears batting - Pitching for Montgomery Rebels : LHP Tony Fossas
|
|
Batting: LHB Douglas Latrenta
|
0-0: Called Strike 0-1: Ball 1-1: Foul Ball, location: 2F 1-2: Foul Ball, location: 2F 1-2: Ball 2-2: Foul Ball, location: 2F 2-2: Foul Ball, location: 2F 2-2: Strikes out looking
|
|
Batting: RHB Alfred Welch
|
0-0: Called Strike 0-1: Swinging Strike 0-2: Strikes out looking
|
|
Batting: RHB Rick Stromer
|
0-0: Called Strike 0-1: Ball 1-1: Foul Ball, location: 2F 1-2: Strikes out swinging
|
| Top of the 8th over - 0 runs, 0 hits, 0 errors, 0 left on base; Mobile 8 - Montgomery 1 |
| BOTTOM OF THE 8TH |
|
Montgomery Rebels batting - Pitching for Mobile Bears : RHP Jose Villamil
|
|
Batting: SHB Arthur Fischetti
|
0-0: Ball 1-0: Ball 2-0: Ball 3-0: Called Strike 3-1: Fly out, F9 (Flyball, 9S, EV 91.9 MPH)
|
|
Batting: LHB Dwayne Murphy
|
0-0: Ball 1-0: Swinging Strike 1-1: Ball 2-1: Foul Ball, location: 2F 2-2: Strikes out swinging
|
|
Batting: LHB Ray Crowley
|
0-0: Ball 1-0: Foul Ball, location: 2F 1-1: Ball 2-1: Foul Ball, location: 2F 2-2: Foul Ball, location: 2F 2-2: Foul Ball, location: 2F 2-2: Ball 3-2: Base on Balls
|
|
Batting: RHB Milt Jefferson
|
0-0: Called Strike 0-1: Foul Ball, location: 2F 0-2: Ball 1-2: Ball 2-2: Foul Ball, location: 2F 2-2: Strikes out swinging
|
| Bottom of the 8th over - 0 runs, 0 hits, 0 errors, 1 left on base; Mobile 8 - Montgomery 1 |
| TOP OF THE 9TH |
|
Mobile Bears batting - Pitching for Montgomery Rebels : LHP Tony Fossas
|
|
Batting: RHB Jim Opie
|
0-0: Foul Ball, location: 2F 0-1: SINGLE (Groundball, 25, EV 65.6 MPH) (infield hit)
|
|
Batting: LHB Jeffrey Szczecinski
|
0-0: Called Strike 0-1: Ball 1-1: Swinging Strike 1-2: Strikes out swinging
|
|
Batting: RHB Bob Hendershot
|
|
|
Pinch Hitting: RHB Jose Aguirre
|
0-0: Foul Ball, location: 2F 0-1: Called Strike 0-2: SINGLE (Line Drive, 9S, EV 100.6 MPH) Jim Opie to second
|
|
Batting: LHB Franklin Stubbs
|
0-0: Ball 1-0: Foul Ball, location: 2F 1-1: Ball 2-1: Foul Ball, location: 2F 2-2: Foul Ball, location: 2F 2-2: Ball 3-2: Fly out, F7 (Flyball, 7LS, EV 81.9 MPH)
|
|
Batting: SHB Dave Cochrane
|
0-0: Ball 1-0: Foul Ball, location: 2F 1-1: Called Strike 1-2: Ball 2-2: Ground out 6-3 (Groundball, 6S, EV 83.8 MPH)
|
| Top of the 9th over - 0 runs, 2 hits, 0 errors, 2 left on base; Mobile 8 - Montgomery 1 |
| BOTTOM OF THE 9TH |
|
Montgomery Rebels batting - Pitching for Mobile Bears : RHP Jose Villamil
|
|
Now in CF: Jose Aguirre
|
|
|
Batting: RHB Nate Tria
|
0-0: Ball 1-0: Foul Ball, location: 2F 1-1: Ball 2-1: Ground out 6-3 (Groundball, 6, EV 88.8 MPH)
|
|
Batting: RHB Roberto Palacios
|
0-0: Called Strike 0-1: Swinging Strike 0-2: Strikes out swinging
|
|
Batting: RHB Jeff Schumaker
|
0-0: Ground out 6-3 (Groundball, 6, EV 81.3 MPH)
|
| Bottom of the 9th over - 0 runs, 0 hits, 0 errors, 0 left on base; Mobile 8 - Montgomery 1 |
|